[Event "ICCopen2016"]
[Site "Internet Chess Club"]
[Date "2016.06.03"]
[Round "2"]
[White "Tyrel"]
[Black "maly"]
[Result "0-1"]
[ICCResult "White forfeits on time"]
[WhiteElo "1960"]
[BlackElo "2495"]
[Opening "Queen's pawn game"]
[ECO "A45"]
[NIC "QP.07"]
[Time "19:12:47"]
[TimeControl "180+0"]

1. d4 Nf6 2. e3 d6 3. Bd3 Nbd7 4. f4 e5 5. Nd2 c6 6. Ne2 Be7 7. O-O O-O 8.
Ng3 Re8 9. c3 Bf8 10. Qf3 exf4 11. exf4 d5 12. Qd1 Nb6 13. Qc2 c5 14. Bb5
Bd7 15. Bxd7 Qxd7 16. Nf3 Ne4 17. Ne5 Qc7 18. Nxe4 dxe4 19. dxc5 Bxc5+ 20.
Kh1 Bd6 21. Be3 Bxe5 22. fxe5 Qxe5 23. Bd4 Qe6 24. Rae1 f5 25. b3 Nd5 26.
Qe2 Ne7 27. Qh5 Rf8 28. Bc5 g6 29. Qg5 Rf7 30. Rd1 Nc6 31. Rd6 Qe5 32. Ba3
Re8 33. c4 e3 34. Re1 f4 35. Qg4 Nd4 36. Rd5 Qe4 37. Bb2 Nf5 38. h4 Ng3+ 39.
Kh2 h5 40. Qd1 f3 41. gxf3 Qxh4+ 42. Kg2 Nf5 43. Rxf5 Rxf5
{White forfeits on time}
0-1

[Event "ICCopen2016"]
[Site "Internet Chess Club"]
[Date "2016.06.03"]
[Round "2"]
[White "Rude-Dude"]
[Black "Qualm"]
[Result "0-1"]
[ICCResult "White forfeits on time"]
[WhiteElo "1318"]
[BlackElo "1726"]
[Opening "Dutch defense, Rubinstein variation"]
[ECO "A13"]
[NIC "EO.64"]
[Time "19:12:23"]
[TimeControl "180+0"]

1. c4 e6 2. Nc3 f5 3. d4 Nf6 4. g3 Be7 5. Bg2 O-O 6. Nf3 Nc6 7. O-O Ne4 8.
d5 Nxc3 9. bxc3 Na5 10. dxe6 dxe6 11. Qxd8 Rxd8 12. Bf4 c6 13. Bc7 Nxc4 14.
Bxd8 Bxd8 15. Rfd1 Bf6 16. Nd4 e5 17. Nb3 e4 18. Nd4 Kf7 19. Bh3 g6 20. Rab1
a5 21. f3 Ne3 22. Rd2 Bg5 23. Rdb2 Nc4 24. Rc2 Na3 25. Rcb2 Nxb1 26. Rxb1
Be3+ 27. Kf1 exf3 28. Nxf3 Be6 29. Ne5+ Kf6 30. Nf3 b5 31. Bg2 Bxa2 32. Rd1
Bd5 33. Nd4 a4 34. Bxd5 cxd5 35. Nc6 Ke6 36. Nb4 a3 37. Na2 Kd6 38. Rd3 Bg5
39. Kg2 Bf6 40. Kf3 Bxc3 41. Rxc3 b4 42. Rb3 Kc5 43. Ke3 Ra4 44. Kd3 d4 45.
e3 dxe3 46. Kxe3 Kc4 {White forfeits on time} 0-1

[Event "ICCopen2016"]
[Site "Internet Chess Club"]
[Date "2016.06.03"]
[Round "2"]
[White "Spirals"]
[Black "Peretyatko"]
[Result "0-1"]
[ICCResult "White forfeits on time"]
[WhiteElo "2168"]
[BlackElo "2783"]
[Opening "King's pawn opening"]
[ECO "B07"]
[NIC "VO.17"]
[Time "19:12:55"]
[TimeControl "180+0"]

1. e4 d6 2. d4 g6 3. Nc3 c6 4. a4 e5 5. dxe5 dxe5 6. Qxd8+ Kxd8 7. Bc4 f6 8.
Nf3 Kc7 9. a5 Nd7 10. Be3 Bh6 11. Bxh6 Nxh6 12. h3 Nf8 13. O-O-O Be6 14. Be2
Nf7 15. b3 b5 16. b4 a6 17. Nd2 Nd7 18. Nb3 Nd6 19. f3 Nb7 20. Kb2 Rhd8 21.
g4 c5 22. Nxc5 Ndxc5 23. bxc5 Nxc5 24. Ka3 Nb7 25. Kb4 Rac8 26. Rxd8 Nxd8
27. Rd1 Nc6+ 28. Kc5 Nxa5 29. Nd5+ Bxd5 30. Kxd5 Kd7 31. f4 Rxc2 32. Bd3 Ra2
33. fxe5 fxe5 34. Kxe5 Ke7 35. Kd5 Ra4 36. e5 Nc4 37. Bxc4 bxc4 38. Rc1 Ra5+
39. Kd4 Ke6 40. Rxc4 Rd5+ 41. Ke4 Rxe5+ 42. Kf4 g5+ 43. Kf3 Rd5 44. Rc7 Rd7
45. Rc6+ Rd6 46. Rc7 h6 47. Ra7 Kd5 48. Kg3 Kc5 49. h4 Kb6 50. Rh7 a5 51.
hxg5 hxg5 52. Rg7 Rd5 53. Rg6+ Kb5 54. Rh6 a4 55. Rh1 a3 56. Rb1+ Ka4 57.
Kf3 a2 58. Ra1 Kb3 59. Ke4 Rc5 60. Kd4 Ra5 61. Ke4 Kb2 62. Rxa2+ Kxa2
{White forfeits on time}
0-1

[Event "ICCopen2016"]
[Site "Internet Chess Club"]
[Date "2016.06.03"]
[Round "2"]
[White "DoctorWho"]
[Black "oskarito"]
[Result "1-0"]
[ICCResult "Black forfeits on time"]
[WhiteElo "2021"]
[BlackElo "2521"]
[Opening "Sicilian: closed"]
[ECO "B23"]
[NIC "SI.44"]
[Time "19:12:53"]
[TimeControl "180+0"]

1. e4 c5 2. Nc3 e6 3. Nf3 Nc6 4. Bb5 Nge7 5. O-O a6 6. Be2 Ng6 7. d4 cxd4 8.
Nxd4 Qc7 9. Be3 b5 10. Nxc6 Qxc6 11. a3 Bb7 12. f3 Bc5 13. Qd2 h5 14. Kh1
Bxe3 15. Qxe3 h4 16. Rad1 Rc8 17. Qd4 f6 18. Rd2 Ne5 19. Rfd1 h3 20. g3 Nc4
21. Bxc4 bxc4 22. Qxd7+ Kf8 23. Qxc6 Bxc6 24. Rd8+ Kf7 25. Rxh8 Rxh8 26. Rd6
Rc8 27. Kg1 Ke7 28. Rd4 Bd7 29. Kf2 Rb8 30. Nd1 Bb5 31. Ke3 Rc8 32. Nc3 Bd7
33. f4 g5 34. e5 fxe5 35. fxe5 Rc5 36. Kf2 Rxe5 37. Rxc4 Rf5+ 38. Ke1 Kd6
39. Re4 Bc6 40. Re3 Bg2 41. Rd3+ Ke7 42. Re3 Rf1+ 43. Kd2 Rh1 44. Re2
{Black forfeits on time}
1-0

[Event "ICCopen2016"]
[Site "Internet Chess Club"]
[Date "2016.06.03"]
[Round "2"]
[White "Taechess"]
[Black "croder"]
[Result "0-1"]
[ICCResult "White forfeits on time"]
[WhiteElo "1310"]
[BlackElo "1713"]
[Opening "Philidor's defense"]
[ECO "C41"]
[NIC "KP.10"]
[Time "19:12:16"]
[TimeControl "180+0"]

1. e4 e5 2. Nf3 d6 3. Bc4 Be6 4. Bb3 Bxb3 5. axb3 Nf6 6. Nc3 Be7 7. d4 exd4
8. Nxd4 O-O 9. O-O c5 10. Nf3 Nbd7 11. Bg5 Re8 12. Re1 h6 13. Bh4 a6 14. Bg3
Nb6 15. e5 dxe5 16. Nxe5 Qxd1 17. Raxd1 Nh5 18. Nd7 Nxd7 19. Rxd7 Bf6 20.
Rxe8+ Rxe8 21. h3 Nxg3 22. fxg3 b5 23. Ra7 Re6 24. Nd5 Bxb2 25. Nc7 Rd6 26.
Rxa6 Rd1+ 27. Kf2 b4 28. Ke2 Rg1 29. Rc6 Rxg2+ 30. Kf3 Rxc2 31. Na6 Bd4 32.
Nxb4 Rc3+ 33. Ke4 Re3+ 34. Kd5 Re5+ 35. Kc4 Rg5 36. Na6 Rxg3 37. Nxc5 Bxc5
38. Rxc5 Rxh3 39. b4 Rh1 40. b5 Rb1 41. Kd5 g5 42. Ke5 Kg7 43. Kf5 Rf1+ 44.
Kg4 Kg6 45. Rc6+ f6 46. b6 h5+ 47. Kg3 Rb1 48. Re6 Rb4 49. Rd6 h4+ 50. Kh3
Kf5 51. Rc6 Rb3+ 52. Kg2 g4 53. Rc5+ Kg6 54. Rc6 Kg5 55. Kh2 f5 56. Kg2 Rb2+
57. Kf1 g3 58. Kg1 Kg4 59. Rc4+ f4 60. b7 h3 61. b8=Q Rxb8 62. Rc1 Rb2 63.
Kh1 g2+ 64. Kh2 Rf2 65. Rg1 Rf1 {White forfeits on time} 0-1

[Event "ICCopen2016"]
[Site "Internet Chess Club"]
[Date "2016.06.03"]
[Round "2"]
[White "Astaneh"]
[Black "fviana"]
[Result "0-1"]
[ICCResult "White forfeits on time"]
[WhiteElo "2741"]
[BlackElo "2171"]
[Opening "Queen's Indian: Capablanca variation"]
[ECO "E16"]
[NIC "QI.06"]
[Time "19:12:40"]
[TimeControl "180+0"]

1. d4 Nf6 2. c4 e6 3. Nf3 b6 4. g3 Bb7 5. Bg2 Bb4+ 6. Nbd2 O-O 7. O-O d5 8.
e3 Nbd7 9. a3 Be7 10. b4 c5 11. dxc5 bxc5 12. b5 Nb6 13. Ne5 Bd6 14. Bb2 Qe7
15. Qc2 Rfc8 16. a4 Bxe5 17. Bxe5 Nfd7 18. Bb2 Rab8 19. Rfd1 Nf6 20. Be5 Ra8
21. a5 Nxc4 22. Bxf6 gxf6 23. a6 Nd6 24. Rdb1 c4 25. axb7 Qxb7 26. Qc3 Kg7
27. Qb4 Nf5 28. Bh3 Ne7 29. Nf3 Ng6 30. Nd4 Ne5 31. Bg2 Rab8 32. Qc3 Qb6 33.
f4 Nd3 34. Bf1 Nc5 35. Qe1 Ne4 36. Rc1 c3 37. Bd3 f5 38. Bxe4 dxe4 39. Kg2
Rd8 40. Qe2 Rxd4 41. exd4 Qxd4 42. Qf2 e3 43. Qf3 Qd2+ 44. Kh3 e2 45. Re1
Qd4 46. Rac1 Qf6 47. Qxe2 Qh6+ 48. Kg2 Qf6 49. Qe5 Rb6 50. Qxf6+ Kxf6 51.
Re5 Rxb5 52. Rxb5 a6 53. Rc5 c2 54. Rc3 Kg6 55. Ra3 f6 56. Ra5 h6 57. Rxa6
Kh5 58. Rxe6 Kg6 59. Rxf6+ Kxf6 60. Rxc2 Kg6 61. Rc5 Kf6 62. Ra5 Kg6 63.
Ra6+ Kg7 64. h3 h5 65. g4 h4 {White forfeits on time} 0-1

[Event "ICCopen2016"]
[Site "Internet Chess Club"]
[Date "2016.06.03"]
[Round "2"]
[White "nurmi"]
[Black "A-Adly"]
[Result "1-0"]
[ICCResult "Black forfeits on time"]
[WhiteElo "2320"]
[BlackElo "2986"]
[Opening "English opening"]
[ECO "A13"]
[NIC "EO.64"]
[Time "19:12:34"]
[TimeControl "180+0"]

1. c4 e6 2. Nc3 d5 3. cxd5 exd5 4. g3 c6 5. Bg2 h5 6. Nf3 Bd6 7. h3 Ne7 8.
d3 Bf5 9. e4 dxe4 10. dxe4 Be6 11. Bg5 f6 12. Be3 Na6 13. Qe2 Bc5 14. Rd1
Qb6 15. Nd4 Bf7 16. O-O O-O-O 17. Na4 Qb4 18. Nxc5 Nxc5 19. a3 Qc4 20. b4
Na4 21. Qxc4 Bxc4 22. Rfe1 Bf7 23. Bf1 Nc3 24. Rc1 Nxe4 25. b5 Bd5 26. bxc6
Nxc6 27. Nxc6 bxc6 28. Bg2 Rhe8 29. Bxa7 Kb7 30. Be3 Nd6 31. Bf1 Kc7 32. a4
Ra8 33. Ra1 Nb7 34. h4 Re4 35. Bf4+ Kd7 36. Rxe4 Bxe4 37. Bd2 c5 38. a5 Nd6
39. a6 c4 40. a7 Kc6 41. Be3 Kb7 42. Rd1 Nb5 43. Rd7+ Kc6 44. Rxg7 c3 45.
Rf7 c2 46. Rxf6+ Kc7 47. Bxb5 Kb7 48. Re6 Kc7 49. Rxe4 Rxa7 50. Re7+ Kd6 51.
Rxa7 Kd5 52. Bc1 Ke4 53. Rc7 Kd4 54. Rxc2 Ke4 55. Re2+ Kd4 56. Rd2+ Ke5 57.
Be2 Ke4 58. Bxh5 Ke5 59. Bd1 Kf5 60. Kg2 Ke5 61. Re2+ Kf5 62. Re3 Kf6 63. h5
Kf5 64. Rf3+ Ke6 65. Rf4 Ke5 66. Kf3 Ke6 67. g4 Kd6 68. g5 Ke6 69. g6 Kd6
70. g7 Ke6 71. g8=Q+ Kd6 72. Qg5 {Black forfeits on time} 1-0

[Event "ICCopen2016"]
[Site "Internet Chess Club"]
[Date "2016.06.03"]
[Round "2"]
[White "Petergriffin"]
[Black "YKQ"]
[Result "0-1"]
[ICCResult "White checkmated"]
[WhiteElo "2019"]
[BlackElo "2612"]
[Opening "QGD: exchange, positional line, 5...c6"]
[ECO "D35"]
[NIC "QO.16"]
[Time "19:12:50"]
[TimeControl "180+0"]

1. d4 Nf6 2. c4 e6 3. Nc3 d5 4. cxd5 exd5 5. Bg5 c6 6. e3 Bf5 7. Bd3 Bxd3 8.
Qxd3 Nbd7 9. Nf3 Be7 10. h3 O-O 11. O-O Re8 12. Bf4 Nf8 13. Bh2 Bd6 14. Bxd6
Qxd6 15. Rab1 a5 16. Rfc1 Ne4 17. Nd2 f5 18. Nf1 Nd7 19. Ne2 Re7 20. Re1 Rf8
21. f3 Nef6 22. Qxf5 Ne4 23. Qh5 Ndf6 24. Qh4 g5 25. Qh6 Rg7 26. fxe4 dxe4
27. Nf4 gxf4 28. Qxf4 Qe7 29. Qe5 Qf7 30. Nd2 Qg6 31. Qh2 Kh8 32. Rf1 Rfg8
33. Rf2 Nd5 34. Re1 Qh6 35. Nxe4 Nxe3 36. Qe5 Nc4 37. Qf6 Qxf6 38. Nxf6 Rf8
39. Ng4 Rxf2 40. Kxf2 Nxb2 41. Re8+ Rg8 42. Re7 Nd3+ 43. Ke3 Nb4 44. a3 Nd5+
45. Ke4 Nxe7 46. Ke5 Re8 47. Ke6 Ng6+ 48. Kf7 Re2 49. Ne5 b5 50. h4 Nxe5+
51. dxe5 b4 52. axb4 axb4 53. e6 b3 54. e7 b2 55. e8=Q+ Rxe8 56. Kxe8 b1=Q
57. Kd7 c5 58. g4 c4 59. g5 c3 60. h5 c2 61. Ke6 c1=Q 62. g6 Qe3+ 63. Kf6
Qbb6+ 64. Kf5 Qbe6# {White checkmated} 0-1

[Event "ICCopen2016"]
[Site "Internet Chess Club"]
[Date "2016.06.03"]
[Round "2"]
[White "UltimateR3cruit"]
[Black "Krister"]
[Result "0-1"]
[ICCResult "White forfeits on time"]
[WhiteElo "1489"]
[BlackElo "1876"]
[Opening "Sicilian: Najdorf, Byrne (English) attack"]
[ECO "B90"]
[NIC "SI.14"]
[Time "19:13:52"]
[TimeControl "180+0"]

1. e4 c5 2. Nf3 d6 3. d4 cxd4 4. Nxd4 Nf6 5. Nc3 a6 6. Be3 e6 7. f3 b5 8.
Qd2 Bb7 9. O-O-O Nbd7 10. Bd3 Nb6 11. g4 Nfd7 12. f4 Be7 13. f5 e5 14. Nf3
b4 15. Nd5 Bxd5 16. exd5 Nxd5 17. g5 Nxe3 18. Qxe3 f6 19. Be4 Rc8 20. Bd5
Qc7 21. Rd2 Nb6 22. Be6 Rd8 23. Re1 Nc4 24. Bxc4 Qxc4 25. h4 Qxa2 26. Kd1
Qa1+ 27. Ke2 Qxb2 28. Qb6 Qc3 29. Qxa6 O-O 30. Rg1 e4 31. Ne1 fxg5 32. Qb5
gxh4 33. Qd5+ Kh8 34. Rg4 Bf6 35. Qe6 Rde8 36. Qd7 e3 37. Rd3 Qe5 38. Ng2
Qh2 39. Rxd6 Rd8 {White forfeits on time} 0-1

[Event "ICCopen2016"]
[Site "Internet Chess Club"]
[Date "2016.06.03"]
[Round "2"]
[White "Red-white"]
[Black "chessdi"]
[Result "1-0"]
[ICCResult "Black resigns"]
[WhiteElo "3139"]
[BlackElo "2427"]
[Opening "Owen defense"]
[ECO "B00"]
[NIC "VO.03"]
[Time "19:13:35"]
[TimeControl "180+0"]

1. e4 b6 2. d4 Bb7 3. Bd3 e6 4. Nf3 Nf6 5. Qe2 d5 6. exd5 Nxd5 7. O-O Be7 8.
c4 Nf6 9. Nc3 Nc6 10. Rd1 O-O 11. Bg5 h6 12. Bh4 Re8 13. Rac1 Nd7 14. Bg3
Bd6 15. Bb1 e5 16. Qc2 e4 17. Nxe4 Nb4 18. Qb3 Bxe4 19. Bxe4 Rxe4 20. Bxd6
cxd6 21. Qxb4 Qf6 22. Re1 Rae8 23. Rxe4 Rxe4 24. Re1 Qe6 25. b3 Nf6 26. h3
g6 27. Qd2 Kg7 28. d5 Qf5 29. Rxe4 Qxe4 30. Kh2 g5 31. Qc3 Qe2 32. Qd2 Qe4
33. Nd4 Qe5+ 34. g3 Ne4 35. Qe3 f5 36. Kg2 Kg6 37. Nc6 Qb2 38. g4 Nf6 39.
Ne7+ Kf7 40. Nxf5 Qxa2 41. Qe7+ {Black resigns} 1-0

[Event "ICCopen2016"]
[Site "Internet Chess Club"]
[Date "2016.06.03"]
[Round "2"]
[White "Parsifal"]
[Black "Danya"]
[Result "1-0"]
[ICCResult "Black forfeits on time"]
[WhiteElo "2381"]
[BlackElo "3036"]
[Opening "Ruy Lopez: closed, Keres (...Nd7) defense"]
[ECO "C96"]
[NIC "RL.23"]
[Time "19:12:54"]
[TimeControl "180+0"]

1. e4 e5 2. Nf3 Nc6 3. Bb5 a6 4. Ba4 Nf6 5. O-O Be7 6. Re1 b5 7. Bb3 d6 8.
c3 O-O 9. h3 Na5 10. Bc2 c5 11. d4 Nd7 12. dxc5 dxc5 13. Nbd2 Bb7 14. Nf1
Nc4 15. Qe2 Nd6 16. b3 Qc7 17. Ng3 g6 18. Bh6 Rfe8 19. Rad1 Rad8 20. h4 f6
21. Bc1 Bf8 22. h5 g5 23. Nh2 h6 24. Ng4 Bg7 25. c4 Nf8 26. Ne3 Ne6 27. Ngf5
Nd4 28. Qg4 N6xf5 29. exf5 e4 30. Bb1 Qe5 31. Bb2 Bc8 32. Bxd4 cxd4 33. Nd5
Bxf5 34. Qe2 d3 35. Qe3 bxc4 36. bxc4 Bg4 37. f3 Bxh5 38. Qf2 f5 39. Bxd3
Qd4 40. Bf1 Qe5 41. Rb1 Qd6 42. fxe4 fxe4 43. Rb7 Qf8 44. Qe3 Bg6 45. Be2
Rc8 46. Rf1 Qd6 47. Qa7 Be5 48. Rd7 Qe6 49. Qb7 Rf8 50. Ne7+ Kh8 51. Nxg6+
Qxg6 52. Qd5 Bg7 53. Bg4 e3 54. Bf5 Qh5 55. Bd3 e2 56. Bxe2
{Black forfeits on time}
1-0

[Event "ICCopen2016"]
[Site "Internet Chess Club"]
[Date "2016.06.03"]
[Round "2"]
[White "ebochess"]
[Black "nikenwidiartto"]
[Result "0-1"]
[ICCResult "White forfeits on time"]
[WhiteElo "1432"]
[BlackElo "1858"]
[Opening "Queen's pawn game"]
[ECO "D02"]
[NIC "QP.08"]
[Time "19:13:27"]
[TimeControl "180+0"]

1. d4 d5 2. Nf3 c6 3. Bf4 Nf6 4. e3 Bf5 5. c3 Nbd7 6. Bd3 Bxd3 7. Qxd3 e6 8.
Nbd2 Be7 9. Ne5 Nh5 10. Bg3 Nxg3 11. hxg3 Nxe5 12. dxe5 h6 13. Nf3 Qb6 14.
O-O-O O-O-O 15. Nd4 c5 16. Qb5 cxd4 17. Qxb6 axb6 18. Rxd4 Kb8 19. Rhd1 Rc8
20. Kb1 Rc6 21. f3 Rhc8 22. e4 dxe4 23. Rd7 R8c7 24. Rxc7 Rxc7 25. fxe4 Kc8
26. Kc2 Rd7 27. Re1 Bd8 28. g4 Bc7 29. b3 Bxe5 30. a4 Kc7 31. b4 Kc6 32. c4
Rd4 33. Kb3 Rd3+ 34. Kc2 Rc3+ 35. Kd2 Rxc4 36. b5+ Kc5 37. Kd3 Rxa4 38. Rc1+
Kxb5 39. Rc8 Ra3+ 40. Ke2 Rg3 41. Kf2 Rxg4 42. Kf3 Rf4+ 43. Ke3 h5 44. Rb8
Kc6 45. Rc8+ Kb5 46. Rc1 Rg4 47. Kf3 Rg3+ 48. Kf2 h4 49. Rb1+ Kc6 50. Rc1+
Kd7 51. Rd1+ Ke7 52. Rc1 Rc3 53. Rb1 g5 54. Kf1 Rc6 55. Rb5 f6 56. Ke2 g4
57. Ke3 h3 58. gxh3 gxh3 59. Rb1 b5 60. Kf3 h2 61. Kg2 Rb6 62. Rb3 b4 63.
Rh3 b3 64. Rh7+ Kd6 65. Rh8 b2 66. Rd8+ Ke7 {White forfeits on time} 0-1

[Event "ICCopen2016"]
[Site "Internet Chess Club"]
[Date "2016.06.03"]
[Round "2"]
[White "DaveyJones"]
[Black "A4-H5"]
[Result "0-1"]
[ICCResult "White forfeits on time"]
[WhiteElo "1497"]
[BlackElo "1881"]
[Opening "English: three knights system"]
[ECO "A27"]
[NIC "EO.21"]
[Time "19:13:44"]
[TimeControl "180+0"]

1. c4 e5 2. Nc3 Nc6 3. Nf3 Bc5 4. e3 d6 5. d4 Bb4 6. d5 Bxc3+ 7. bxc3 Nce7
8. Bd3 Nf6 9. e4 O-O 10. Ba3 b6 11. O-O Nh5 12. Bc1 f5 13. exf5 Nxf5 14. Ng5
Nf4 15. Bxf4 exf4 16. Ne6 Bxe6 17. dxe6 Qf6 18. Re1 Ne7 19. Qc2 g6 20. Be4
Rae8 21. Bd5 Kg7 22. a4 a5 23. f3 Nf5 24. Qe4 Re7 25. Re2 g5 26. Rae1 h5 27.
Qb1 Kh6 28. Qd3 Rg8 29. Kh1 g4 30. fxg4 hxg4 31. Be4 Nh4 32. g3 f3 33. Rf2
Ng6 34. Bxg6 Rxg6 35. Qe4 Rxe6 36. Qb1 Rxe1+ 37. Qxe1 Qe6 38. Qxe6 Rxe6 39.
h3 Kg5 40. hxg4 Kxg4 41. Kh2 Re5 {White forfeits on time} 0-1

[Event "ICCopen2016"]
[Site "Internet Chess Club"]
[Date "2016.06.03"]
[Round "2"]
[White "PawnTerminator"]
[Black "inoahlot"]
[Result "0-1"]
[ICCResult "White forfeits on time"]
[WhiteElo "1659"]
[BlackElo "1313"]
[Opening "Polish (Sokolsky) opening"]
[ECO "A00"]
[NIC "VO.10"]
[Time "19:13:06"]
[TimeControl "180+0"]

1. b4 e6 2. Bb2 h6 3. Nf3 Nf6 4. b5 d5 5. a4 Bd6 6. e3 Qe7 7. Be2 Nbd7 8.
O-O b6 9. d3 Bb7 10. Nbd2 Ng4 11. h3 Ngf6 12. c4 e5 13. d4 dxc4 14. Nxc4
exd4 15. Nxd6+ Qxd6 16. Nxd4 O-O-O 17. Qc2 Nc5 18. Rfd1 g5 19. Nc6 Qe6 20.
Nxa7+ Kb8 21. Nc6+ Bxc6 22. bxc6 Rhe8 23. Bf3 g4 24. hxg4 Nxg4 25. a5 Nxe3
26. Rxd8+ Rxd8 27. fxe3 Qxe3+ 28. Qf2 Qe6 29. axb6 cxb6 30. Qg3+ Rd6 31. Be5
Kc7 32. Ra7+ Kb8 33. Bxd6+ Kxa7 34. Bb8+ Ka6 35. c7 Qc8 36. Bg4 Qxg4 37.
Qxg4 Nd3 38. c8=Q+ Ka5 39. Qgf5+ b5 40. Qb7 Nc5 {White forfeits on time} 0-1

[Event "ICCopen2016"]
[Site "Internet Chess Club"]
[Date "2016.06.03"]
[Round "2"]
[White "guille213"]
[Black "manta2"]
[Result "1-0"]
[ICCResult "Black forfeits on time"]
[WhiteElo "1206"]
[BlackElo "1164"]
[Opening "Sicilian defense"]
[ECO "B20"]
[NIC "SI.48"]
[Time "19:13:44"]
[TimeControl "180+0"]

1. e4 c5 2. Bc4 e6 3. Nf3 a6 4. d4 b5 5. Be2 c4 6. d5 Bb7 7. O-O Nf6 8. Bg5
h6 9. Bxf6 Qxf6 10. e5 Qd8 11. d6 f6 12. c3 Nc6 13. exf6 Qxf6 14. Nbd2 Ne5
15. Nxe5 Qxe5 16. Nf3 Qxd6 17. Qxd6 Bxd6 18. Rad1 Bd5 19. Nh4 Kf7 20. Bh5+
Kf6 21. Ng6 Rhd8 22. g3 Kg5 23. f4+ Kxh5 24. g4+ Kxg6 25. f5+ Kh7 26. h4
exf5 27. gxf5 {Black forfeits on time} 1-0

[Event "ICCopen2016"]
[Site "Internet Chess Club"]
[Date "2016.06.03"]
[Round "2"]
[White "GoldenCountry"]
[Black "E-Grivas"]
[Result "0-1"]
[ICCResult "White forfeits on time"]
[WhiteElo "1461"]
[BlackElo "2466"]
[Opening "Sicilian defense"]
[ECO "B32"]
[NIC "SI.32"]
[Time "19:13:28"]
[TimeControl "180+0"]

1. e4 c5 2. Nf3 Nc6 3. d4 cxd4 4. Nxd4 Qb6 5. Nxc6 bxc6 6. Bd3 e5 7. O-O Nf6
8. Nc3 Be7 9. Rb1 O-O 10. Be3 Qc7 11. Qd2 d5 12. exd5 cxd5 13. Bg5 d4 14.
Bxf6 dxc3 15. Qe3 Bxf6 16. Qe4 g6 17. Qxa8 Be6 18. Qf3 Bg7 19. b3 f5 20. Qe2
Rc8 21. Rbd1 h5 22. Kh1 Kh7 23. f3 a5 24. Rfe1 a4 25. Bb5 a3 26. Qd3 Qb6 27.
Ba4 Qf2 28. Qe2 Qh4 29. g3 Qg5 30. Bd7 Bxd7 31. Rxd7 Re8 32. Qa6 e4 33. Qb7
Qf6 34. f4 h4 35. Red1 e3 36. Rxg7+ Qxg7 37. Rd7 Rg8 38. Rxg7+ Rxg7 39. Qf3
Re7 40. Qe2 h3 41. Kg1 Kg7 42. Kf1 Kf6 43. Ke1 Re6 44. Qf3 g5 45. Qd5 Kg6
{White forfeits on time}
0-1

[Event "ICCopen2016"]
[Site "Internet Chess Club"]
[Date "2016.06.03"]
[Round "2"]
[White "panom"]
[Black "Indiana-Jones"]
[Result "0-1"]
[ICCResult "White checkmated"]
[WhiteElo "1592"]
[BlackElo "2854"]
[Opening "Caro-Kann defense"]
[ECO "B10"]
[NIC "CK.01"]
[Time "19:17:13"]
[TimeControl "180+0"]

1. e4 c6 2. Nf3 d5 3. exd5 cxd5 4. d4 Nc6 5. c3 Nf6 6. Bd3 Bg4 7. h3 Bxf3 8.
Qxf3 e6 9. O-O Rc8 10. Bg5 Be7 11. Re1 O-O 12. Bxf6 Bxf6 13. Nd2 Qb6 14. b3
Ne7 15. Be2 Nf5 16. Nf1 Qa5 17. b4 Qa3 18. Rec1 Rc7 19. g4 Nd6 20. Qf4 Rd8
21. Qf3 Rdc8 22. Ng3 Rxc3 23. Rxc3 Rxc3 24. Qg2 Rxg3 25. fxg3 Bxd4+ 26. Kh2
Bxa1 27. b5 Be5 28. Qf3 Qxa2 29. Qd3 Ne4 30. b6 axb6 31. Qb5 g6 32. Qe8+ Kg7
33. h4 Qxe2+ 34. Kh3 Qf1+ 35. Kh2 Bxg3# {White checkmated} 0-1

[Event "ICCopen2016"]
[Site "Internet Chess Club"]
[Date "2016.06.03"]
[Round "2"]
[White "chigamaster"]
[Black "Panesso"]
[Result "1-0"]
[ICCResult "Black resigns"]
[WhiteElo "2954"]
[BlackElo "2245"]
[Opening "Sicilian, Chekhover variation"]
[ECO "B53"]
[NIC "SI.02"]
[Time "19:15:23"]
[TimeControl "180+0"]

1. e4 c5 2. Nf3 d6 3. d4 cxd4 4. Qxd4 e6 5. h3 Bd7 6. Qe3 Nc6 7. Be2 Nf6 8.
O-O Be7 9. Rd1 Qc7 10. c4 O-O 11. Nc3 Ne5 12. b3 Bc6 13. Bb2 Nfd7 14. Rac1
Qb8 15. Nd4 Rd8 16. Nxc6 Nxc6 17. Qg3 Bf8 18. Nb5 Nde5 19. Qe3 a6 20. Nd4
Nxd4 21. Bxd4 b5 22. f4 Ng6 23. Bb6 Rc8 24. cxb5 Rxc1 25. Rxc1 axb5 26. f5
exf5 27. exf5 Ne7 28. Bc7 Nd5 29. Bxb8 Nxe3 30. Bc7 Nxf5 31. Bxb5 Rxa2 32.
Bb6 g6 33. Bc6 Bg7 34. Bd5 Bd4+ 35. Bxd4 Nxd4 36. Rc7 Ra1+ 37. Kh2 Rf1 38.
b4 Ne6 39. Rc8+ Kg7 40. b5 Rb1 41. Rb8 Nc7 42. Bc6 d5 43. Rb7 Ne6 44. Bxd5
Nd4 45. b6 Rb2 46. Bxf7 Kh6 47. Bg8 Nf3+ 48. Kg3 Ng5 49. h4 Ne4+ 50. Kf3 Nf6
51. Be6 Rb3+ 52. Bxb3 Nh5 53. g4 Nf6 54. g5+ {Black resigns} 1-0

[Event "ICCopen2016"]
[Site "Internet Chess Club"]
[Date "2016.06.03"]
[Round "3"]
[White "chessdi"]
[Black "AaronArrowood"]
[Result "1-0"]
[ICCResult "Black resigns"]
[WhiteElo "2428"]
[BlackElo "1732"]
[Opening "Nimzovich-Larsen attack: English variation"]
[ECO "A01"]
[NIC "VO.08"]
[Time "19:22:10"]
[TimeControl "180+0"]

1. b3 c5 2. Bb2 b6 3. Nf3 Bb7 4. g3 Bxf3 5. exf3 d5 6. Bg2 Nc6 7. f4 d4 8.
Bxc6+ Qd7 9. Bxd7+ Kxd7 10. Qf3 Rc8 11. O-O e6 12. d3 Nf6 13. Nd2 Bd6 14.
Nc4 Bc7 15. a4 Nd5 16. Rfe1 Rhe8 17. f5 e5 18. Qxd5+ Ke7 19. Nxe5 Kf8 20.
Nd7+ Kg8 21. Kg2 {Black resigns} 1-0

[Event "ICCopen2016"]
[Site "Internet Chess Club"]
[Date "2016.06.03"]
[Round "3"]
[White "Anarchy"]
[Black "darthvader"]
[Result "1-0"]
[ICCResult "Black resigns"]
[WhiteElo "2773"]
[BlackElo "1834"]
[Opening "King's Indian: Smyslov system"]
[ECO "E61"]
[NIC "KI.76"]
[Time "19:22:05"]
[TimeControl "180+0"]

1. Nf3 d6 2. c4 Nf6 3. Nc3 g6 4. d4 Bg7 5. Bg5 O-O 6. e3 c5 7. d5 Na6 8. Be2
Nc7 9. O-O Rb8 10. Re1 a6 11. a4 b6 12. h3 Bd7 13. e4 b5 14. axb5 axb5 15.
e5 Nfe8 16. Bf1 bxc4 17. exd6 Nxd6 18. Bxe7 Qc8 19. Bxd6 Re8 20. Rxe8+ Nxe8
21. Bxb8 {Black resigns} 1-0

[Event "ICCopen2016"]
[Site "Internet Chess Club"]
[Date "2016.06.03"]
[Round "3"]
[White "carpedef"]
[Black "discdude"]
[Result "1-0"]
[ICCResult "Black resigns"]
[WhiteElo "1830"]
[BlackElo "1437"]
[Opening "French: King's Indian attack"]
[ECO "C00"]
[NIC "FR.02"]
[Time "19:22:06"]
[TimeControl "180+0"]

1. e4 e6 2. d3 d5 3. Qe2 dxe4 4. dxe4 e5 5. f4 Bd6 6. fxe5 Bxe5 7. Nf3 Qe7
8. Nbd2 Nc6 9. c3 Bg4 10. Nc4 Bxf3 11. gxf3 O-O-O 12. Bd2 f6 13. O-O-O Qc5
14. Be3 Qb5 15. Rxd8+ Nxd8 16. Nd6+ {Black resigns} 1-0

[Event "ICCopen2016"]
[Site "Internet Chess Club"]
[Date "2016.06.03"]
[Round "3"]
[White "inoahlot"]
[Black "Tyrel"]
[Result "0-1"]
[ICCResult "White resigns"]
[WhiteElo "1312"]
[BlackElo "1961"]
[Opening "Scandinavian defense"]
[ECO "B01"]
[NIC "SD.03"]
[Time "19:22:24"]
[TimeControl "180+0"]

1. e4 d5 2. exd5 Nf6 3. Nf3 Qxd5 4. d3 Bg4 5. Be3 Nc6 6. Be2 O-O-O 7. Qd2 e5
8. Nc3 Qd7 9. h3 Bh5 10. g4 Bg6 11. Nh4 Bb4 12. Nxg6 hxg6 13. a3 Ba5 14. b4
Bb6 15. Bxb6 axb6 16. Bf3 Nd4 17. Be4 Nxe4 18. O-O-O Nxd2 {White resigns}
0-1

[Event "ICCopen2016"]
[Site "Internet Chess Club"]
[Date "2016.06.03"]
[Round "3"]
[White "Shafkat"]
[Black "stoptryharding"]
[Result "0-1"]
[ICCResult "White resigns"]
[WhiteElo "1647"]
[BlackElo "2258"]
[Opening "Scandinavian: Pytel-Wade variation"]
[ECO "B01"]
[NIC "SD.02"]
[Time "19:22:20"]
[TimeControl "180+0"]

1. e4 d5 2. exd5 Qxd5 3. Nc3 Qd6 4. Nf3 Nf6 5. d4 c6 6. h3 Bf5 7. Be2 e6 8.
Be3 Nbd7 9. Qd2 Qc7 10. O-O-O Bb4 11. a3 Ne4 12. Qe1 Bxc3 13. bxc3 Qa5 14.
Kb2 Nb6 15. c4 Na4+ 16. Ka1 Nac3 17. Kb2 b5 18. Rd3 bxc4 19. Rxc3 Nxc3 20.
Qxc3 Rb8+ 21. Ka2 Qxc3 {White resigns} 0-1